 Dungeon Crawl Stone Soup version 0.28.0-49-g6dfe1f597d (webtiles) character file.

Game seed: 8028116619516064252

130 MrIGI the Magician (level 4, 0/24 HPs)
             Began as a Deep Elf Conjurer on May 18, 2022.
             Slain by a jackal (3 damage)
             ... on level 4 of the Dungeon.
             The game lasted 00:16:13 (2036 turns).

MrIGI the Magician (Deep Elf Conjurer)              Turns: 2036, Time: 00:16:13

Health: 0/24       AC:  2    Str:  4    XL:     4   Next: 90%
Magic:  14/14      EV: 12    Int: 25    God:
Gold:   54         SH:  0    Dex: 13    Spells: 8/15 levels left

rFire   . . .      SeeInvis .   b - +0 short sword
rCold   . . .      Faith    .   (no shield)
rNeg    . . .      Spirit   .   a - +0 robe
rPois   .          Reflect  .   (no helmet)
rElec   .          Harm     .   (no cloak)
rCorr   .          Rampage  .   (no gloves)
Will    .....                   (no boots)
Stlth   ++........              (no amulet)
HPRegen 0.08/turn               (no ring)
MPRegen 0.14/turn               (no ring)

@: mighty, flying
A: no striking features
a: no special abilities


You were on level 4 of the Dungeon.
You visited 1 branch of the dungeon, and saw 3 of its levels.

You collected 54 gold pieces.

Inventory:

Hand Weapons
 b - a +0 short sword (weapon)
 c - a +0 hunting sling
Missiles
 j - 10 boomerangs
Armour
 a - a +0 robe (worn)
 m - a +2 pair of gloves
Jewellery
 n - an amulet of guardian spirit
Scrolls
 g - 2 scrolls of noise
 k - a scroll of enchant weapon
Potions
 i - a potion of attraction {unknown}
 l - a potion of brilliance {unknown}


   Skills:
 + Level 2.5 Dodging
 - Level 2.4 Stealth
 + Level 6.2 Spellcasting
 + Level 4.9 Conjurations
 * Level 1.1 Hexes


You had 8 spell levels left.
You knew the following spells:

 Your Spells              Type           Power      Damage    Failure   Level
a - Magic Dart            Conj           100%       1d8       1%          1
b - Searing Ray           Conj           64%        2d6       1%          2
c - Dazzling Flash        Conj/Hex       44%        N/A       6%          3
d - Summon Small Mammal   Summ           28%        N/A       8%          1

Your spell library contained the following spells:

 Spells                   Type           Power      Damage    Failure   Level
 Animate Skeleton         Necr           14%        N/A       8%          1
 Apportation              Tloc           14%        N/A       8%          1
 Fulminant Prism          Conj/Hex       11%        3d9       22%         4
 Iskenderun's Mystic Bla  Conj/Tloc      20%        2d6       26%         4
 Silence                  Hex/Air        5%         N/A       85%         5
 Agony                    Necr           7%         N/A       90%         5


Dungeon Overview and Level Annotations

Branches:
Dungeon (2/15)

Altars:

Annotations:
D:2 1 runed translucent door, Crazy Yiuf
D:4 Dowan, Duvessa


Message History

The jackal bites you. The orc closely misses you.
You miss the orc.
The orc is almost dead.
The orc shouts!
The jackal closely misses you. The orc hits you with a +0 war axe.
The jackal closely misses you.
You miss the orc.
The orc is almost dead.
You feel less invigorated.
You feel less confused. The jackal barely misses you. The orc misses you.
You closely miss the orc.
The orc is almost dead.
The jackal closely misses you. The orc hits you with a +0 war axe.
The jackal bites you.
You hit the orc.
You kill the orc!
The jackal bites you. The orc barely misses you.
You closely miss the orc. The jackal bites you.
The jackal bites you but does no damage.
The orc hits you with a +0 whip.
The endoplasm quivers.
You puncture the orc!
You kill the orc!
The jackal misses you.
You closely miss the orc. The jackal barely misses you.
The orc hits you but does no damage. The jackal barely misses you.
You closely miss the orc. The jackal bites you.
The orc hits you with a +0 club.
* * * LOW HITPOINT WARNING * * *
You puncture the orc!
You kill the orc!
The jackal closely misses you. The jackal bites you.
* * * LOW HITPOINT WARNING * * *
The endoplasm hits you.
* * * LOW HITPOINT WARNING * * *
You puncture the endoplasm!
You kill the endoplasm!
The jackal bites you.
You die...

#.##.#
#....#
.#.###.####
..........#
#.#.###.#.#
#.#.# #.#.#
#.#)# #.#@#
#.#h# #.#K#
#h# #g#


wh. ... ..... ....= You could see a worm, 3 jackals, a hobgoblin and a kobold.

Vanquished Creatures
  A jelly (D:4)
  3 gnolls (D:2)
  An adder (D:2)
  3 worms (D:2)
  3 dart slugs
  3 orcs (D:4)
  5 ball pythons (D:1)
  4 endoplasms
  4 giant cockroaches
  5 goblins
  3 hobgoblins
  3 kobolds (D:1)
  A quokka (D:1)
  3 bats
  3 frilled lizards
  A rat (D:1)
46 creatures vanquished.

Vanquished Creatures (collateral kills)
  A hobgoblin (D:4)
1 creature vanquished.

Vanquished Creatures (others)
  An orc (D:4)
1 creature vanquished.

Grand Total: 48 creatures vanquished

Notes
Turn   | Place    | Note
-------+----------+-------------------------------------------
     0 | D:1      | MrIGI the Deep Elf Conjurer began the quest for the Orb.
     0 | D:1      | Reached XP level 1. HP: 10/10 MP: 6/6
   260 | D:1      | Reached XP level 2. HP: 15/15 MP: 6/8
   294 | D:1      | Reached skill level 4 in Spellcasting
   892 | D:1      | Found a faded altar of an unknown god.
   941 | D:2      | Reached XP level 3. HP: 14/19 MP: 0/11
  1128 | D:2      | Reached skill level 5 in Spellcasting
  1432 | D:2      | Found a runed translucent door.
  1433 | D:2      | Noticed Crazy Yiuf
  1556 | D:2      | Reached XP level 4. HP: 24/24 MP: 11/13
  1559 | D:2      | Learned a level 2 spell: Searing Ray
  1590 | D:2      | Reached skill level 6 in Spellcasting
  1766 | D:2      | You fall into a shaft and drop 2 floors!
  1772 | D:4      | Reached skill level 1 in Hexes
  1776 | D:4      | Learned a level 3 spell: Dazzling Flash
  1778 | D:4      | Learned a level 1 spell: Summon Small Mammal
  1838 | D:4      | Noticed Menkaure
  1886 | D:4      | Noticed Dowan
  1887 | D:4      | Noticed Duvessa
  1918 | D:4      | Noticed a steam dragon
  2036 | D:4      | Slain by a jackal

Illustrated notes

Levels and vault maps discovered:
D:1:      tarquinn_simple_flora_water_d, layout_loops_ring,
          dreamdust_ecumenical_altar_hidden_monk_grotto
D:2:      layout_rooms, hex_tiny, uniq_crazy_yiuf_cottage
D:4:      layout_loops_ring, gup_sewer_entry_glass, uniq_menkaure, uniq_duvessa

Skill      XL: |  1  2  3  4 |
---------------+-------------+-----
Spellcasting   | 4 5 6 |  6.2
Hexes          | 1 |  1.1
Dodging        | |  2.5
Stealth        | |  2.4
Conjurations   | |  4.9

Action                   |  1- 3 |  4- 6 || total
-------------------------+-------+-------++-------
Melee: Unarmed           |     4 |       ||     4
       Short sword       |     4 |    12 ||    16
       Punch             |     1 |       ||     1
 Cast: Magic Dart        |    74 |    25 ||    99
       Summon Small Mamm |       |     5 ||     5
       Dazzling Flash    |       |     1 ||     1
  Use: Scroll            |       |     3 ||     3
       Potion            |       |     3 ||     3
Armor: Robe              |     4 |     5 ||     9
Dodge: Dodged            |     5 |    39 ||    44
